AoeStats
← YoSoyDroga

Arabia

509809307Analyzed
1v1 RM · 4d ago on Sep 28, 2026· 46m 55s· 2 players
Game mode
Random Map
Map size
Tiny (2 player)
Population
200
Speed
Normal
Resources
Standard
Victory
Conquest
Starting age
Dark Age
Ending age
Imperial Age
RankedLock teamsTeams togetherTeam positionsShared explorationLock speedFull tech treeHidden civsTurbo modeCheats
Victory
Defeat
🇦🇷 Spanish · Argentina
901
+16
🇲🇽 Italians · Mexico
898
-16
YoSoyDroga
10:45 Feudal Age
9:00 Loom
14:52 Castle Age
13:43 Double-Bit Axe
14:39 Stone Mining
20:51 Fletching
25:02 Bodkin Arrow
26:32 Padded Archer Armor
29:23 Bloodlines
32:52 Light Cavalry
35:36 Scale Barding Armor
38:53 Chain Barding Armor
42:12 Ballistics
45:27 Imperial Age
42:45 Town Watch
45:29 Wheelbarrow
46:28 Conscription
45:40 Hussar
juan_i87
8:15 Loom
10:47 Feudal Age
11:25 Double-Bit Axe
12:20 Forging
12:49 Scale Barding Armor
15:11 Wheelbarrow
21:02 Castle Age
19:50 Fletching
21:09 Padded Archer Armor
21:56 Bow Saw
21:26 Elite Skirmisher
22:24 Bodkin Arrow
23:11 Leather Archer Armor
27:30 Stone Mining
27:23 Horse Collar
28:46 Town Watch
30:37 Bow Saw
32:44 Stone Shaft Mining
34:43 Hand Cart
37:01 Gold Mining
43:17 Imperial Age
42:17 Squires
41:58 Pikeman
43:11 Scale Mail Armor
43:46 Iron Casting
43:48 Ballistics
44:22 Conscription
44:03 Bracer
45:47 Ring Archer Armor
47:20 Chain Mail Armor
Connection lost

Rejoining the realm…

Still unreachable

The connection could not be restored.

Session expired

The server has moved on; the page needs a fresh start.